 Dungeon Crawl Stone Soup version 0.29.1-13-g9f3cf754e1 (webtiles) character file.

Game seed: 10065589763793919015

133 nshep25 the Trooper (level 4, -10/41 HPs)
             Began as a Minotaur Fighter on Jan 23, 2023.
             Killed by divine providence
             ... invoked by an orc priest
              (15 damage)
             ... on level 3 of the Dungeon.
             The game lasted 00:04:06 (2524 turns).

nshep25 the Trooper (Minotaur Fighter)              Turns: 2524, Time: 00:04:07

Health: -10/41     AC: 10    Str: 23    XL:     4   Next: 93%
Magic:  3/3        EV:  8    Int: 11    God:
Gold:   140        SH:  4    Dex:  9    Spells: 3/3 levels left

rFire   . . .      SeeInvis .   a - +0 war axe
rCold   . . .      Faith    .   c - +0 buckler
rNeg    . . .      Spirit   .   s - +0 chain mail
rPois   .          Reflect  .   (helmet restricted)
rElec   .          Harm     .   (no cloak)
rCorr   .          Rampage  .   g - +0 pair of gloves
Will    .....                   (no boots)
Stlth   ..........              (no amulet)
HPRegen 0.13/turn               n - +6 ring of intelligence
MPRegen 0.08/turn               (no ring)

@: no status effects
A: horns 2, retaliatory headbutt
a: no special abilities


You were on level 3 of the Dungeon.
You visited 1 branch of the dungeon, and saw 3 of its levels.

You collected 140 gold pieces.

Inventory:

Hand Weapons
 a - a +0 war axe (weapon)
Missiles
 o - 4 boomerangs (quivered)
 r - 2 silver boomerangs
Armour
 b - a +0 scale mail
 c - a +0 buckler (worn)
 g - a +0 pair of gloves (worn)
 s - a +0 chain mail (worn)
Jewellery
 n - a +6 ring of intelligence (left hand)
Scrolls
 f - 2 scrolls of enchant armour {unknown}
 h - a scroll of immolation {unknown}
 i - a scroll of magic mapping {unknown}
 j - a scroll of vulnerability {unknown}
 k - a scroll of teleportation {unknown}
 l - 2 scrolls of identify {unknown}
 p - a scroll of torment {unknown}
Potions
 d - a potion of might
 e - a potion of flight {unknown}
 m - a potion of haste {unknown}
 q - a potion of attraction {unknown}
 t - a potion of resistance {unknown}


   Skills:
 + Level 4.7 Fighting
 + Level 3.8 Axes
 + Level 4.6 Armour
 + Level 1.1 Dodging
 + Level 4.1 Shields


You had 3 spell levels left.
You didn't know any spells.
Your spell library contained the following spells:

 Spells                   Type           Power      Damage    Failure   Level
 Shock                    Conj/Air       0%         1d3       98%         1
 Swiftness                Air            0%         N/A       100%        3
 Airstrike                Air            0%         2d(0-16)  100%        4


Dungeon Overview and Level Annotations

Branches:
Dungeon (3/15)

Altars:


Innate Abilities, Weirdness & Mutations

You have a pair of horns on your head.
You reflexively headbutt those who attack you in melee.


Message History

Found a stone staircase leading down.
Items here: ))) ††.
There is a stone staircase leading down here.
There is a stone staircase leading up here.
An orc priest and 3 orcs come into view.
The orc priest is wielding a +2 hand axe of distortion.
The orc shouts!
The orc priest shouts!
The orc shouts!
The orc priest invokes the aid of Beogh against you.
Beogh smites you!
The orc priest miscasts a cantrip.
There is a stone staircase leading up here.
You barely miss the orc priest.
The orc priest mumbles some strange prayers to Beogh against you.
Pain shoots through your body!
You hit the orc priest. Your headbutt misses the orc priest.
The orc priest is lightly wounded.
The orc priest hits you with a +2 hand axe of distortion.
You blink.
The orc hits you but does no damage.
You closely miss the orc. The orc hits you but does no damage.
You slash the orc!
You kill the orc!
The orc priest mumbles some strange prayers to Beogh against you.
Beogh smites you!
* * * LOW HITPOINT WARNING * * *
You closely miss the orc. Your headbutt misses the orc.
The orc hits you but does no damage.
The orc priest looks braver for a moment.
You block the orc's attack.
You closely miss the orc. Your headbutt misses the orc.
The orc hits you with a +0 short sword.
* * * LOW HITPOINT WARNING * * *
You barely miss the orc. The orc barely misses you.
The orc hits you but does no damage.
You barely miss the orc. The orc hits you but does no damage.
You hit the orc. You headbutt the orc.
You kill the orc!
You closely miss the orc. The orc hits you but does no damage. x2
The orc priest mumbles some strange prayers to Beogh against you.
Beogh smites you!
You die...

###.#...#...#.....#
# #
#.....##.##..#### #
##.##..##.##..### #
.. ..##.##..#.. #
#.##.##...†.#.# #
........#.#.# #
##.####.#.#.# #
##...###.#.#.# #
##.....#....#@# ##
#...........#o# #.
#.)........##o# #.
#.#...#.#.###.# #.
#.#####.#.# #.# ##
#†# #.#.# #.#
#.#####.#.# #<#
#.......#.###.###
#..........##..<#


You could see an orc priest and an orc.

Vanquished Creatures
  4 adders
  3 dart slugs
  6 orcs (D:3)
  8 ball pythons
  6 endoplasms
  4 giant cockroaches
  8 goblins
  5 hobgoblins
  8 jackals
  3 quokkas (D:1)
  6 bats
  4 frilled lizards
  6 kobolds
  6 rats
77 creatures vanquished.

Notes
Turn   | Place    | Note
-------+----------+-------------------------------------------
     0 | D:1      | nshep25 the Minotaur Fighter began the quest for the Orb.
     0 | D:1      | Reached XP level 1. HP: 19/19 MP: 0/0
     7 | D:1      | Noticed a snapping turtle
     8 | D:1      | Noticed a salamander
     8 | D:1      | Noticed a polar bear
   214 | D:1      | Reached XP level 2. HP: 17/27 MP: 1/1
   547 | D:1      | Reached XP level 3. HP: 33/33 MP: 2/2
  1405 | D:2      | Found a faded altar of an unknown god.
  1555 | D:2      | Reached XP level 4. HP: 33/40 MP: 3/3
  1963 | D:3      | Reached skill level 1 in Dodging
  2524 | D:3      | Killed from afar by an orc priest

Illustrated notes

Levels and vault maps discovered:
D:1:      onia_arrival_zoo_common, layout_basic, st_stairs_10
D:2:      layout_basic, chequers_ecumenical_altar_simple
D:3:      minmay_recursive_quarters, layout_loops_ring, serial_shops,
          nicolae_shop_hallway_stairs, shop, nrook_campfire

Skill      XL: |  1  2  3  4 |
---------------+-------------+-----
Armour         | 4 |  4.6
Fighting       | 4 |  4.7
Shields        | 4 |  4.1
Axes           | 3 |  3.8
Dodging        | 1 |  1.1

Action                   |  1- 3 |  4- 6 || total
-------------------------+-------+-------++-------
Melee: War axe           |    85 |    56 ||   141
       Headbutt          |     7 |     8 ||    15
Armor: Scale mail        |    69 |    18 ||    87
       Chain mail        |       |     9 ||     9
Dodge: Dodged            |    48 |    24 ||    72
Block: Buckler           |    21 |     7 ||    28
